 Dungeon Crawl Stone Soup version 0.21.1-1-g345015f (webtiles) character file.

427 halftheisland the Poker (level 6, 0/51 HPs)
             Began as a Barachi Fighter on Feb 20, 2018.
             Slain by a mummy (6 damage)
             ... in an ossuary.
             The game lasted 00:11:46 (3424 turns).

halftheisland the Poker (Barachi Fighter)           Turns: 3424, Time: 00:11:47

Health: 0/51       AC: 15    Str: 18    XL:     6   Next: 97%
Magic:  6/6        EV: 10    Int:  9    God:
Gold:   141        SH:  0    Dex: 14    Spells: 5/5 levels left

rFire    . . .     SeeInvis .   i - +2 scythe (protect)
rCold    + . .     Gourm    .   (shield currently unavailable)
rNeg     . . .     Faith    .   b - +1 scale mail
rPois    .         Spirit   .   (no helmet)
rElec    .         Reflect  .   (no cloak)
rCorr    .         Harm     .   (no gloves)
MR       .....                  (no boots)
Stlth    ..........             (no amulet)
HPRegen  0.17/turn              (no ring)
MPRegen  0.10/turn              (no ring)

@: protection aura, slow
A: +LOS, swims, agile 1, cold resistance 1, screaming 1, slowness 1, strong legs
1
a: Hop


You were in an ossuary.
You were not hungry.

You visited 1 branch of the dungeon, and saw 4 of its levels.
You also visited: Ossuary.

You collected 141 gold pieces.

Inventory:

Hand Weapons
 a - a +1 trident
 i - a +2 scythe of protection (weapon)
Armour
 b - a +1 scale mail (worn)
 o - a +1 helmet
Wands
 n - a wand of flame (20)
Scrolls
 e - a scroll of amnesia
 g - 3 scrolls of identify {unknown}
 h - 2 scrolls of teleportation
Potions
 f - 3 potions of curing
Comestibles
 c - a ration


   Skills:
 * Level 5.1 Fighting
 * Level 5.4 Polearms
 + Level 4.6 Armour
 + Level 1.1 Dodging
   Level 4.0 Shields


You had 5 spell levels left.
You didn't know any spells.

Dungeon Overview and Level Annotations

Branches:
Dungeon (4/15)
 Temple: D:4-7

Altars:
Qazlal
Trog


Innate Abilities, Weirdness & Mutations

Shadows flee at your approach. (+LOS)
You can swim through water.
You cover ground slowly.
You can hop short distances.
You are agile. (Dex +2)
Your flesh is cold resistant. (rC+)
You occasionally shout uncontrollably at your foes.


Message History

* * * LOW HITPOINT WARNING * * *
It was a potion of mutation.
You feel extremely strange.
You feel the urge to shout.
You feel agile.
You feel resistant to cold. The mummy hits you but does no damage.
The mummy misses you.
You slice the mummy!!
You destroy the mummy!
The mummy closely misses you. The mummy hits you.
* * * LOW HITPOINT WARNING * * *
You barely miss the big kobold zombie.
The big kobold zombie is severely damaged.
The big kobold zombie barely misses you.
The mummy hits you but does no damage. x2
You slash the big kobold zombie!
You destroy the big kobold zombie!
The mummy hits you but does no damage.
You slice the big kobold zombie!!
The big kobold zombie is heavily damaged.
You feel a little less mighty now. The mummy hits you.
You die...

#....#
#....#
#....#
#....#
#....#
#....#
#....#
#MM..#
#@MZ.#
######


You could see 3 mummies and a big kobold zombie.

Vanquished Creatures
  Sigmund (D:3)
  A big kobold zombie (Ossuary)
  3 mummies (Ossuary)
  Robin (D:2)
  3 gnolls (D:3)
  7 adders
  A worm (D:3)
  6 dart slugs
  A leopard gecko (D:2)
  An orc (D:3)
  4 ball pythons (D:3)
  6 giant cockroaches
  A gnoll zombie (Ossuary)
  13 goblins
  11 hobgoblins
  11 kobolds
  10 bats
  8 frilled lizards
  3 hobgoblin zombies (Ossuary)
  2 orc zombies (Ossuary)
  7 rats
101 creatures vanquished.

Notes
Turn   | Place    | Note
-------+----------+-------------------------------------------
     0 | D:1      | halftheisland the Barachi Fighter began the quest for the Orb.
     0 | D:1      | Reached XP level 1. HP: 18/18 MP: 1/1
   192 | D:1      | Reached XP level 2. HP: 25/25 MP: 2/2
   502 | D:1      | Reached XP level 3. HP: 22/30 MP: 3/3
  1398 | D:2      | Noticed Robin
  1407 | D:2      | Killed Robin
  1407 | D:2      | Reached XP level 4. HP: 23/37 MP: 4/4
  1974 | D:2      | Found a stormy altar of Qazlal.
  2181 | D:3      | Reached XP level 5. HP: 39/43 MP: 5/5
  2847 | D:3      | Noticed Sigmund
  2853 | D:3      | Killed Sigmund
  2853 | D:3      | Reached skill level 5 in Fighting
  2853 | D:3      | Reached skill level 5 in Polearms
  2853 | D:3      | Reached skill level 1 in Dodging
  2853 | D:3      | Reached XP level 6. HP: 40/51 MP: 6/6
  3136 | D:3      | Found a bloodstained altar of Trog.
  3358 | D:4      | Found a sand-covered staircase.
  3369 | Ossuary  | Entered an ossuary
  3420 | Ossuary  | Gained mutation: You occasionally shout uncontrollably at your foes. [potion of mutation]
  3420 | Ossuary  | Gained mutation: You are agile. (Dex +2) [potion of mutation]
  3420 | Ossuary  | Gained mutation: Your flesh is cold resistant. (rC+) [potion of mutation]
  3424 | Ossuary  | Slain by a mummy

Skill      XL: |  1  2  3  4  5 |
---------------+----------------+-----
Fighting       | 4 5 |  5.1
Polearms       | 3 5 |  5.4
Armour         | 4 |  4.6
Dodging        | 1 |  1.1
Shields        | 4 |  4.0

Action                   |  1- 3 |  4- 6 || total
-------------------------+-------+-------++-------
Melee: Trident           |   141 |   135 ||   276
       Scythe            |       |    55 ||    55
  Use: Scroll            |       |     9 ||     9
       Potion            |       |     6 ||     6
  Eat: Ration            |     1 |     2 ||     3
Armor: Scale mail        |    70 |    86 ||   156
Dodge: Dodged            |    49 |    95 ||   144
Block: Shield            |    70 |    41 ||   111
